 Dungeon Crawl Stone Soup version 0.22-a0-419-g492bfec (webtiles) character file.

10436 Mgcat the Fighter (level 11, -12/104 HPs)
             Began as a Ghoul Fighter on May 15, 2018.
             Was a Believer of Makhleb.
             Mangled by a red ugly thing (22 damage)
             ... on level 10 of the Dungeon.
             The game lasted 00:20:55 (9176 turns).

Mgcat the Fighter (Ghoul Fighter)                   Turns: 9176, Time: 00:20:55

Health: -12/104    AC: 21    Str: 21    XL:     11   Next: 62%
Magic:  10/10      EV:  6    Int:  6    God:    Makhleb [**....]
Gold:   321        SH: 10    Dex:  8    Spells: 10/10 levels left

rFire    x . .     SeeInvis .     - Unarmed
rCold    + + +     Gourm    .   b - +0 shield
rNeg     + + +     Faith    .   y - +2 chain mail {rC+}
rPois    ∞         Spirit   .   (no helmet)
rElec    .         Reflect  .   (no cloak)
rCorr    .         Harm     .   (no gloves)
MR       .....                  p - +2 pair of boots {Stlth+}
Stlth    ..........             (no amulet)
HPRegen  0.00/turn              t - +6 ring of protection
MPRegen  0.12/turn              q - ring of ice {rC+, rF-}

@: rotting
A: rotting body, claws 1, carnivore, cold resistance 1, negative energy
resistance 3, inhibited regeneration, torment resistance, unbreathing
a: Minor Destruction, Renounce Religion


You were on level 10 of the Dungeon.
You worshipped Makhleb.
Makhleb was pleased with you.
You were very hungry.

You visited 2 branches of the dungeon, and saw 11 of its levels.
You also visited: Sewer.

You collected 516 gold pieces.
You spent 195 gold pieces at shops.

Inventory:

Hand Weapons
 f - a +0 club
   (You took it off a hobgoblin on level 1 of the Dungeon)
Armour
 b - a +0 shield (worn)
 p - a +2 pair of boots of stealth (worn)
   (You bought it in a shop on level 5 of the Dungeon)
 y - a +2 chain mail of cold resistance (worn)
   (You found it in a sewer)
Magical Staves
 C - an uncursed staff of air {unknown}
   (You found it on level 7 of the Dungeon)
 H - an uncursed staff of death {unknown}
   (You found it on level 8 of the Dungeon)
 J - an uncursed staff of air {unknown}
   (You found it on level 9 of the Dungeon)
Jewellery
 l - an uncursed ring of resist corrosion
   (You found it on level 1 of the Dungeon)
 q - a ring of ice (right claw) {rC+, rF-}
   (You found it on level 2 of the Dungeon)
 t - a +6 ring of protection (left claw)
   (You found it on level 3 of the Dungeon)
 B - an uncursed ring of flight {+Fly, !d}
   (You found it on level 7 of the Dungeon)
Wands
 a - a wand of polymorph (11)
   (You found it on level 6 of the Dungeon)
Scrolls
 g - 3 scrolls of magic mapping {!r}
 h - 4 scrolls of amnesia {unknown}
 j - 4 scrolls of blinking {unknown}
 m - 3 scrolls of enchant armour {unknown}
 o - 6 scrolls of remove curse {unknown}
 u - 2 scrolls of noise {unknown}
 v - 3 scrolls of random uselessness {unknown}
 w - 8 scrolls of identify
 x - 2 scrolls of enchant weapon {unknown}
 z - 4 scrolls of teleportation {unknown}
 A - 3 scrolls of immolation {unknown}
Potions
 e - 5 potions of flight {unknown}
 i - 2 potions of lignification
 k - 2 potions of haste {unknown}
 n - 5 potions of brilliance {unknown}
 r - 4 potions of curing {unknown}
 s - a potion of magic {unknown}
 D - a potion of invisibility {unknown}
 E - a potion of mutation {unknown}
 F - 2 potions of degeneration {unknown}
 I - a potion of agility {unknown}
Miscellaneous
 c - a phantom mirror
 K - a phial of floods
   (You found it on level 10 of the Dungeon)
Comestibles
 d - 26 rations
 G - 6 chunks of flesh {@w0}


   Skills:
 - Level 12.1 Fighting
 + Level 6.6 Armour
 + Level 6.6 Shields
 - Level 12.0 Unarmed Combat


You had 10 spell levels left.
You didn't know any spells.
Your spell library contained the following spells:

 Spells                   Type           Power        Failure   Level  Hunger
 Apportation              Tloc           #.....       100%        1    ##.....
 Confuse                  Hex            #.......     100%        3    ####...
 Summon Small Mammal      Summ           #...         100%        1    ##.....
 Animate Skeleton         Necr           N/A          100%        1    ##.....
 Confusing Touch          Hex            #.....       100%        1    ##.....
 Metabolic Englaciation   Hex/Ice        #.........   100%        5    ######.
 Petrify                  Tmut/Erth      #.......     100%        4    #####..
 Gell's Gravitas          Tloc           #.........   100%        3    ####...
 Yara's Violent Unravell  Hex/Tmut       #.........   100%        5    ######.


Dungeon Overview and Level Annotations

Branches:
Dungeon (10/15)            Temple (1/1) D:7
   Lair: D:8-11         Orc: D:9-12

Altars:
Ashenzari
Cheibriados
Dithmenos
Fedhas
Gozag
Kikubaaqudgha
Makhleb
Nemelex Xobeh
Okawaru
Qazlal
Sif Muna
Trog
Uskayaw
Vehumet
Wu Jian
Xom
Zin
The Shining One

Shops:
D:4 [   D:5 *   D:7 *


Innate Abilities, Weirdness & Mutations

Your body is rotting away.
You thrive on raw meat.
You are immune to poison.
You have sharp fingernails.
You are carnivorous and can eat meat at any time.
Your flesh is cold resistant. (rC+)
You are immune to negative energy. (rN+++)
You do not regenerate when monsters are visible.
You are immune to unholy pain and torment.
You can survive without breathing.


Message History

You mangle the jelly!!
You kill the jelly!
Makhleb accepts your kill.
The centaur shoots an arrow.
You block the arrow.
The centaur shoots an arrow.
The arrow hits you but does no damage. You block the orc warrior's attack.
The centaur shoots an arrow.
The arrow barely misses you.
The centaur shoots an arrow.
The arrow hits you.
The orc warrior hits you but does no damage.
The orc hits you but does no damage.
You see here 2 arrows.
The centaur unwields an uncursed shortbow.
You block the centaur's attack. The orc warrior hits you with a glaive.
The orc hits you but does no damage.
The centaur hits you but does no damage.
You claw the centaur!
The centaur is heavily wounded.
The centaur hits you but does no damage.
You scratch the centaur.
The centaur is heavily wounded.
You block the orc warrior's attack. The orc closely misses you.
The centaur hits you but does no damage.
You claw the centaur!
You kill the centaur!
Makhleb accepts your kill.
You feel better. The orc hits you but does no damage.
The orc warrior closely misses you. The orc hits you but does no damage.
The orc warrior closely misses you.
You see here 2 arrows.
You block the orc warrior's attack. The orc hits you but does no damage.
You see here 2 arrows.
You scratch the orc.
The orc is severely wounded.
The orc warrior hits you from afar with a glaive.
You claw the orc!
You kill the orc!
Makhleb accepts your kill.
You feel better.
The orc warrior hits you but does no damage.
Things that are here:
a trident of venom; a chain mail; an orc corpse You scratch the orc warrior.
The orc warrior is severely wounded.
The orc warrior hits you but does no damage.
You closely miss the orc warrior.
The orc warrior is severely wounded.
The orc warrior completely misses you.
Your shield and chain mail prevent you from hitting the orc warrior.
The orc warrior is severely wounded.
You scratch the orc warrior but do no damage.
The orc warrior is severely wounded.
You block the orc warrior's attack.
You barely miss the orc warrior.
The orc warrior is heavily wounded.
You scratch the orc warrior.
The orc warrior is severely wounded.
The orc warrior hits you with a glaive!
You claw the orc warrior!
You kill the orc warrior!
Makhleb accepts your kill.
You feel better.
Things that are here:
a glaive; a chain mail
Things that are here:
a trident of venom; a chain mail; an orc corpse You see here 2 arrows.
You butcher the orc corpse.
G - 6 chunks of flesh {@w0} (gained 3)
Things that are here:
a trident of venom; a chain mail; an orc skeleton
Things that are here:
a trident of venom; a chain mail; an orc skeleton
Things that are here:
an uncursed shortbow; 17 arrows
Found a stone staircase leading up.
You now have 321 gold pieces (gained 10).
You are feeling very hungry.
K - a phial of floods A red ugly thing comes into view.
The red ugly thing gurgles horribly!
A red ugly thing is nearby!
You see here a potion of lignification.
The red ugly thing trunk-slaps you!
You are engulfed in flames!!
The fire burns you terribly!
You are too injured to fight recklessly!
You are too injured to fight recklessly!
You mangle the red ugly thing!!
The red ugly thing is moderately wounded.
You block the red ugly thing's attack.
You scratch the red ugly thing but do no damage.
The red ugly thing is moderately wounded.
The red ugly thing trunk-slaps you!
You are engulfed in flames!!
The fire burns you terribly!
* * * LOW HITPOINT WARNING * * *
Okay, then.
Unknown command.
You see here a potion of lignification.
The red ugly thing trunk-slaps you!
* * * LOW HITPOINT WARNING * * *
You are engulfed in flames!!
The fire burns you terribly!
You die...

P.P..P.#.# .<....... ..
..P....#.# #.......# #
...P.P.#.#####.......###
P......#.#.#.#.#.#.#.#.##
PPPP....................######
PP.....#.#.#.#.#.#.#.#.##...#.
.P....................))(....(
......##!#.#.#.#.#.#.#)####...
..... #.....u@......((..# #...
.P.. ##.#.#.#.#.#.#.#.## ##..
... #............>....#####.
.. ....#.#.#.#.#.#.#.#.##.....
. ..##...................####
# ##.#.#.#.#.#.#.#.##.^###
##.#####.......#####... #..
#......## ###. #.# ##.....# ##


You could see a red ugly thing.

Vanquished Creatures
  A rakshasa (D:9)
  Erica (D:8)
  A two-headed ogre (D:8)
  An unseen horror (D:9)
  Pikel (D:8)
  The ghost of zero the Firebug, a novice GrFE (D:5)
  A hornet (D:8)
  Grinder (D:6)
  A hippogriff (D:9)
  A human (D:7)
  4 yaks (D:9)
  4 hogs (D:7)
  Grum (D:9)
  A vampire mosquito (D:9)
  2 orc warriors
  A sky beast (D:10)
  A slave (D:8)
  3 black bears
  2 ice beasts
  6 ogres
  3 wolves (D:9)
  3 necrophages
  4 centaurs
  4 big kobolds
  8 bullfrogs
  4 scorpions
  8 killer bees
  9 wights
  2 howler monkeys
  6 crimson imps
  2 centaur zombies
  4 jellies
  A hound (D:7)
  3 orc priests
  9 orc wizards
  2 iguanas (D:7)
  6 worker ants
  A killer bee zombie (D:7)
  A hound zombie (D:8)
  2 worker ant zombies
  A gnoll (D:1)
  13 adders
  A shadow imp (D:5)
  3 oozes
  4 adder skeletons
  3 worms
  2 dart slugs
  5 leopard geckos
  34 orcs
  2 ball pythons (Sewer)
  6 bats
  21 giant cockroaches
  5 goblins
  9 hobgoblins
  9 jackals
  25 kobolds
  4 quokkas
  5 frilled lizards
  A jackal skeleton (D:4)
  A quokka zombie (D:6)
  4 rats
275 creatures vanquished.

Vanquished Creatures (others)
  2 slaves (D:8)
  4 fungi (D:10)
  A plant (D:10)
7 creatures vanquished.

Grand Total: 282 creatures vanquished

Notes
Turn   | Place    | Note
-------+----------+-------------------------------------------
     0 | D:1      | Mgcat the Ghoul Fighter began the quest for the Orb.
     0 | D:1      | Reached XP level 1. HP: 19/19 MP: 0/0
   124 | D:1      | HP: 4/19 [ooze (1)]
   126 | D:1      | Reached XP level 2. HP: 6/27 MP: 1/1
   517 | D:1      | Reached skill level 3 in Unarmed Combat
   542 | D:1      | Reached XP level 3. HP: 29/33 MP: 2/2
   545 | D:1      | Reached skill level 4 in Fighting
  1127 | D:2      | Reached XP level 4. HP: 36/41 MP: 3/3
  1739 | D:3      | Found a snail-covered altar of Cheibriados.
  1958 | D:3      | Reached skill level 4 in Unarmed Combat
  2511 | D:4      | Reached XP level 5. HP: 47/47 MP: 4/4
  2513 | D:4      | Reached skill level 5 in Fighting
  2741 | D:4      | Found Diles's Antique Armour Boutique.
  2826 | D:4      | Noticed an ogre
  2835 | D:4      | Killed an ogre
  2835 | D:4      | Reached skill level 5 in Unarmed Combat
  2835 | D:4      | Reached XP level 6. HP: 38/57 MP: 5/5
  2875 | D:4      | Reached skill level 6 in Fighting
  3281 | D:5      | Entered Level 5 of the Dungeon
  3294 | D:5      | Reached XP level 7. HP: 54/64 MP: 6/6
  3321 | D:5      | Reached skill level 6 in Unarmed Combat
  3404 | D:5      | Noticed zero's ghost (novice GrFE)
  3550 | D:5      | Killed zero's ghost
  3550 | D:5      | Reached skill level 7 in Fighting
  3699 | D:5      | Found a glowing drain.
  3708 | D:5      | Reached skill level 7 in Unarmed Combat
  3708 | D:5      | Reached XP level 8. HP: 49/71 MP: 7/7
  3733 | Sewer    | Entered a sewer
  4148 | D:5      | Reached skill level 8 in Fighting
  4185 | D:5      | Found Qarchac's Assorted Antiques.
  4193 | D:5      | Bought a pair of embroidered boots for 195 gold pieces
  4381 | D:5      | Reached skill level 8 in Unarmed Combat
  4878 | D:5      | Reached skill level 9 in Fighting
  4933 | D:5      | Reached XP level 9. HP: 82/83 MP: 8/8
  4961 | D:6      | Reached skill level 9 in Unarmed Combat
  5125 | D:6      | Noticed Grinder
  5160 | D:6      | Paralysed by Grinder for 7 turns
  5174 | D:6      | Killed Grinder
  5174 | D:6      | Reached skill level 10 in Fighting
  5293 | D:6      | HP: 10/85 [wight/long sword of electrocution (16)]
  5400 | D:4      | HP: 10/84 [wight/long sword of electrocution (1)]
  5778 | D:6      | Reached skill level 10 in Unarmed Combat
  6260 | D:6      | Noticed a rust devil
  6260 | D:6      | Noticed a rust devil
  6352 | D:7      | Reached skill level 11 in Fighting
  6394 | D:7      | Found Apuen's Assorted Antiques.
  6412 | D:7      | Reached XP level 10. HP: 95/95 MP: 9/9
  6450 | D:7      | Found a staircase to the Ecumenical Temple.
  6497 | Temple   | Entered the Ecumenical Temple
  6591 | Temple   | Became a worshipper of Makhleb the Destroyer
  6848 | D:7      | Reached skill level 11 in Unarmed Combat
  7108 | D:8      | Noticed Pikel
  7131 | D:8      | Killed Pikel
  7131 | D:8      | Reached skill level 12 in Fighting
  7321 | D:8      | Reached skill level 12 in Unarmed Combat
  7627 | D:8      | Noticed Erica
  7638 | D:8      | Killed Erica
  7638 | D:8      | Reached skill level 3 in Armour
  7638 | D:8      | Reached skill level 3 in Shields
  7785 | D:8      | Reached * piety under Makhleb
  7842 | D:9      | Noticed a two-headed ogre
  7862 | D:8      | Killed a two-headed ogre
  7862 | D:8      | Reached skill level 4 in Armour
  7862 | D:8      | Reached skill level 4 in Shields
  7862 | D:8      | Reached XP level 11. HP: 79/104 MP: 10/10
  7894 | D:9      | Found a large runed door.
  7969 | D:9      | Reached skill level 5 in Armour
  7969 | D:9      | Reached skill level 5 in Shields
  7998 | D:9      | Found a large runed door.
  7998 | D:9      | Found a large runed door.
  8064 | D:9      | Killed an unseen horror
  8109 | D:9      | Found a large runed door.
  8187 | D:9      | Noticed Grum
  8216 | D:9      | Killed Grum
  8376 | D:9      | Reached ** piety under Makhleb
  8674 | D:9      | Reached skill level 6 in Armour
  8674 | D:9      | Reached skill level 6 in Shields
  8786 | D:9      | Noticed a rakshasa
  8836 | D:9      | Killed a rakshasa
  8909 | D:10     | Entered Level 10 of the Dungeon
  8909 | D:10     | Found a shimmering altar of Xom.
  9165 | D:10     | Noticed a red ugly thing
  9170 | D:10     | HP: 20/104 [red ugly thing (31)]
  9176 | D:10     | HP: 10/104 [red ugly thing (10)]
  9176 | D:10     | Mangled by a red ugly thing

Vault maps used:
D:1:      matt_arrival_spirals, minmay_fountain_box,
          hangedman_decor_diamond_cutter
D:2:      first_ration
D:3:      nicolae_overflow_hidden_temple
D:4:      serial_shops, shop
D:5:      serial_shops, shop, portal_sewer_entry_f
D:6:      cheibrodos_iron_armory, uniq_grinder
D:7:      temple_hall, serial_shops, nicolae_shop_overgrown_old_shop,
          grunt_livestock
D:8:      minmay_misc_feat_alley, uniq_pikel, uniq_erica
D:9:      kennysheep_decorative_pillar, minmay_hollow_rounded_squares, uniq_grum
D:10:     due_lair_maze_entry_diamond, orc_0_dummy, serial_shops,
          nicolae_shop_behind_doors, st_stairs_11, xom_redecorated
Temple:   roderic_octagonal_lattice_temple
Sewer:    sewer_frog_island_01

Skill      XL: |  1  2  3  4  5  6  7  8  9 10 11 |
---------------+----------------------------------+-----
Unarmed Combat | 3 4 5 7 8 10 12 | 12.0
Fighting       | 4 5 6 7 9 11 12 | 12.1
Armour         | 4 6 |  6.6
Shields        | 4 6 |  6.6

Action                   |  1- 3 |  4- 6 |  7- 9 | 10-12 || total
-------------------------+-------+-------+-------+-------++-------
Melee: Unarmed           |   127 |   150 |   478 |   405 ||  1160
Evoke: Wand              |       |       |       |     1 ||     1
  Use: Scroll            |       |       |     2 |       ||     2
       Potion            |       |       |     2 |     1 ||     3
  Eat: Chunk             |     4 |     9 |    11 |     7 ||    31
Armor: Scale mail        |    60 |    42 |    62 |       ||   164
       Chain mail        |       |       |   250 |   258 ||   508
Dodge: Dodged            |    24 |    28 |   104 |    62 ||   218
Block: Shield            |    60 |    47 |   186 |   166 ||   459

Table legend:
 A = Spawn XP
 B = Non-spawn XP
 C = Spawn XP percentage of total XP
 D = Spawn monster count
 E = Non-spawn monster count
 F = Spawn count percentage of total count
 G = Total turns spent on level
                    A         B        C        D         E        F      G
               +---------+---------+-------+---------+---------+-------+---------
         Total |       0 |   14909 |   0.0 |       0 |     274 |   0.0 |  9176
               +---------+---------+-------+---------+---------+-------+---------
           D:1 |       0 |      64 |   0.0 |       0 |      25 |   0.0 |   976
           D:2 |       0 |      43 |   0.0 |       0 |      15 |   0.0 |   717
           D:3 |       0 |      57 |   0.0 |       0 |      13 |   0.0 |   810
           D:4 |       0 |     467 |   0.0 |       0 |      20 |   0.0 |  1261
           D:5 |       0 |    1722 |   0.0 |       0 |      44 |   0.0 |  1109
           D:6 |       0 |    1644 |   0.0 |       0 |      34 |   0.0 |   715
           D:7 |       0 |    1685 |   0.0 |       0 |      23 |   0.0 |   869
           D:8 |       0 |    3742 |   0.0 |       0 |      21 |   0.0 |   898
           D:9 |       0 |    4544 |   0.0 |       0 |      51 |   0.0 |  1035
          D:10 |       0 |     788 |   0.0 |       0 |      12 |   0.0 |   267
         Sewer |       0 |     153 |   0.0 |       0 |      16 |   0.0 |   400
               +---------+---------+-------+---------+---------+-------+---------

Vault maps used:
D:1:      matt_arrival_spirals, minmay_fountain_box,
          hangedman_decor_diamond_cutter
D:2:      first_ration
D:3:      nicolae_overflow_hidden_temple
D:4:      serial_shops, shop
D:5:      serial_shops, shop, portal_sewer_entry_f
D:6:      cheibrodos_iron_armory, uniq_grinder
D:7:      temple_hall, serial_shops, nicolae_shop_overgrown_old_shop,
          grunt_livestock
D:8:      minmay_misc_feat_alley, uniq_pikel, uniq_erica
D:9:      kennysheep_decorative_pillar, minmay_hollow_rounded_squares, uniq_grum
D:10:     due_lair_maze_entry_diamond, orc_0_dummy, serial_shops,
          nicolae_shop_behind_doors, st_stairs_11, xom_redecorated
Temple:   roderic_octagonal_lattice_temple
Sewer:    sewer_frog_island_01

Table legend:
 A = Turns spent in this place as a percentage of turns spent in the entire game.
 B = Non-inter-level travel turns spent in this place as a percentage of non-inter-level travel turns spent in the entire game.
 C = Inter-level travel turns spent in this place as a percentage of turns spent in this place.
 D = Turns resting spent in this place as a percentage of non-inter-level travel turns spent in this place.
 E = Turns spent auto-exploring this place as a percentage of non-inter-level travel turns spent in this place.
 F = Non-inter-level travel turns spent in this place divided by the number of levels of this place that you've seen.
                   A       B       C       D       E      F
               +-------+-------+-------+-------+-------+----------------------
         Total | 100.0 | 100.0 |   6.2 |   1.7 |  72.9 | 717.3
       Dungeon |  94.3 |  94.1 |   6.5 |   1.8 |  73.7 | 809.7
        Temple |   1.3 |   1.3 |   6.7 |   0.0 |  94.6 | 111.0
         Sewer |   4.4 |   4.6 |   0.0 |   0.0 |  52.2 | 400.0
               +-------+-------+-------+-------+-------+----------------------

Table legend:
 A = Kills in this place as a percentage of kills in entire the game.
 B = Kills by you in this place as a percentage of kills by you in the entire game.
 C = Kills by friends in this place as a percentage of kills by friends in the entire game.
 D = Other kills in this place as a percentage of other kills in the entire game.
 E = Experience gained in this place as a percentage of experience gained in the entire game.
 F = Experience gained in this place divided by the number of levels of this place that you have seen.
                   A       B       C       D       E      F
               +-------+-------+-------+-------+-------+----------------------
         Total | 100.0 | 100.0 |   N/A |   N/A | 100.0 | 1242.4
       Dungeon |  94.2 |  94.2 |   N/A |   N/A |  99.0 | 1475.6
         Sewer |   5.8 |   5.8 |   N/A |   N/A |   1.0 | 153.0
               +-------+-------+-------+-------+-------+----------------------
